 Dungeon Crawl Stone Soup version 0.30.1-3-gfc49f6343a (webtiles) character file.

Game seed: 585870682786716417

170 cowcol the Covered (level 5, -5/47 HPs)
             Began as a Minotaur Fighter on July 24, 2023.
             Slain by an orc
             ... wielding a +0 mace
              (7 damage)
             ... on level 3 of the Dungeon.
             The game lasted 00:06:41 (2286 turns).

cowcol the Covered (Minotaur Fighter)               Turns: 2286, Time: 00:06:41

Health: -5/47      AC:  0    Str: 23    XL:     5   Next: 25%
Magic:  4/4        EV:  9    Int:  5    God:
Gold:   110        SH:  4    Dex:  9    Spells: 4/4 levels left

rFire   . . .        a - +0 war axe
rCold   . . .        c - +0 buckler
rNeg    . . .        b - +0 scale mail
rPois   .            (helmet restricted)
rElec   .            (no cloak)
rCorr   .            o - +0 pair of gloves
SInv    .            (no boots)
Will    .....        (no amulet) Stlth
                     (no ring)
HPRegen 0.27/turn    (no ring)
MPRegen 0.09/turn

%: no passive effects
@: lethally poisoned (-5 -> -6), corroded
A: horns 2, retaliatory headbutt
a: no special abilities


You were on level 3 of the Dungeon.
You visited 1 branch of the dungeon, and saw 4 of its levels.

You collected 110 gold pieces.

Inventory:

Hand Weapons
 a - a +0 war axe (weapon)
 m - a +0 glaive
Missiles
 k - 12 poisoned darts (quivered)
Armour
 b - a +0 scale mail (worn)
 c - a +0 buckler (worn)
 o - a +0 pair of gloves (worn)
Jewellery
 p - a ring of flight
Scrolls
 e - a scroll of summoning {unknown}
 g - 2 scrolls of teleportation
 i - 3 scrolls of silence
 n - a scroll of torment {unknown}
 q - 2 scrolls of magic mapping {unknown}
 r - a scroll of enchant weapon {unknown}
 s - a scroll of enchant armour {unknown}
 t - a scroll of fear {unknown}
Potions
 d - a potion of might
 f - a potion of magic {unknown}
 h - 3 potions of curing {unknown}
 j - 2 potions of attraction {unknown}
 l - a potion of degeneration {unknown}


   Skills:
 + Level 4.8 Fighting
 + Level 4.7 Axes
 + Level 0.6 Throwing
 + Level 4.8 Armour
 - Level 3.6 Shields


You had 4 spell levels left.
You didn't know any spells.
Your spell library was empty.

Dungeon Overview and Level Annotations

Branches:
Dungeon (4/15)
 Temple: D:4-7

Altars:
Makhleb


Innate Abilities, Weirdness & Mutations

You have a pair of horns on your head.
You reflexively headbutt those who attack you in melee.


Message History

You block the orc's attack. The dart slug launches a dart at you.
The slug dart hits you but does no damage.
You block the orc's attack. x2; The orc closely misses you.
You furiously retaliate!
You headbutt the orc!
You kill the orc!
There is a stone staircase leading up, spattered with blood here.
You feel very sick. The orc hits you but does no damage.
You block the orc's attack. The jelly hits you but does no damage.
You climb upwards.
You feel very sick.
There is a stone staircase leading down here.
You hit the jelly. The acid corrodes you!
Your hands burn!
You headbutt the jelly.
The jelly is severely wounded.
You closely miss the orc. x2; You feel sick.
The jelly hits you but does no damage. You block the orc's attack.
The orc hits you but does no damage.
Unknown command.
You hit the jelly but do no damage. The acid corrodes you!
Your hands burn!
The jelly is severely wounded.
You barely miss the orc. x2; You feel sick.
The jelly hits you.
You are splashed with acid!
The orc barely misses you. You furiously retaliate!
You headbutt the orc, but do no damage. The orc hits you with a +0 mace.
You hit the jelly.
You kill the jelly!
You hit the orc but do no damage. x2; You feel sick.
The orc closely misses you. The orc hits you with a +0 club.
* * * LOW HITPOINT WARNING * * *
Unknown command.
You feel sick. The orc barely misses you. The orc hits you with a +0 mace.
* * * LOW HITPOINT WARNING * * *
Things that are here:
a +0 robe; a +0 dagger; an orc corpse You hit the orc but do no damage.
You closely miss the orc.
You feel sick. The orc hits you with a +0 club.
* * * LOW HITPOINT WARNING * * *
The orc hits you with a +0 mace!
You die...

######## ###### #......#
#....# #......# #####.##.#
###......###...#.##.#
................o>#.#
###......#.....#@o#.#
###......#.###..#.#
#.###..#......#.####
#..........<..#..<.###
#####......#.............#
...........#.........###†#
..................#### #.#
..........#######...^# #.#
##.###....#######.##.# #.#


You could see 2 orcs.

Vanquished Creatures
  A jelly (D:3)
  Terence (D:2)
  An orc wizard (D:3)
  3 adders (D:2)
  A dart slug (D:1)
  3 orcs
  4 endoplasms
  4 giant cockroaches
  9 goblins
  4 hobgoblins
  6 jackals
  4 kobolds
  A quokka (D:3)
  3 ball pythons
  4 bats
  3 frilled lizards
  4 rats
56 creatures vanquished.

Notes
Turn   | Place    | Note
-------+----------+-------------------------------------------
     0 | D:1      | cowcol the Minotaur Fighter began the quest for the Orb.
     0 | D:1      | Reached XP level 1. HP: 19/19 MP: 0/0
   197 | D:1      | Reached XP level 2. HP: 27/27 MP: 1/1
   994 | D:2      | Reached XP level 3. HP: 33/33 MP: 2/2
  1045 | D:2      | Noticed Terence
  1051 | D:2      | Killed Terence
  1100 | D:2      | Reached XP level 4. HP: 37/41 MP: 3/3
  1142 | D:2      | Found a faded altar of an unknown god.
  1600 | D:3      | Found a burning altar of Makhleb.
  2278 | D:3      | Reached XP level 5. HP: 46/47 MP: 4/4
  2286 | D:3      | HP: 2/47 [orc/+0 club (3)]
  2286 | D:3      | Slain by an orc

Illustrated notes

Levels and vault maps discovered:
D:1:      lemuel_arrival_funnel, layout_basic
D:2:      layout_rooms, shapermc_ecumenical_altar_venn, uniq_terence
D:3:      layout_basic, lightli_temple_of_fire, minmay_surrounded
D:4:      layout_rooms, mainiacjoe_overflow_alcove_1, temple_pool_b,
          serial_shops, nicolae_shop_real_fake_doors, uniq_menkaure,
          uniq_natasha, uniq_pikel

Skill      XL: |  1  2  3  4 |
---------------+-------------+-----
Fighting       | 4 |  4.8
Armour         | 4 |  4.8
Axes           | 3 4 |  4.7
Throwing       | |  0.6
Shields        | |  3.6

Action                     |  1- 3 |  4- 6 || total
---------------------------+-------+-------++-------
  Melee: War axe           |    46 |    67 ||   113
         Headbutt          |     6 |     9 ||    15
  Throw: Dart              |     7 |       ||     7
    Use: Scroll            |     3 |       ||     3
 Armour: Scale mail        |    25 |    34 ||    59
  Dodge: Dodged            |    22 |    23 ||    45
  Block: Buckler           |    12 |    19 ||    31
